 Dungeon Crawl Stone Soup version 0.15-a0-134-gcf47855 (webtiles) character file.

435 PolkaDot the Cutter (level 6, 0/47 HPs)
             Began as a Vampire Gladiator on Apr 12, 2014.
             Killed by nerve-wracking pain
             ... invoked by Menkaure
              (7 damage)
             ... on Level 4 of the Dungeon.
             The game lasted 00:11:06 (2534 turns).

PolkaDot the Cutter (Vampire Gladiator)             Turns: 2534, Time: 00:11:07

HP   0/47        AC  6     Str 14      XL: 6   Next: 27%
MP   6/6         EV 13     Int 10      God:
Gold 102         SH  0     Dex 16      Spells:  0 memorised,  5 levels left

rFire  + . .     SeeInvis +     a - +0,+1 cutlass
rCold  x . .     Clarity  .     b - +0 leather armour
rNeg   + . .     Conserve .     (no shield)
rPois  .         rCorr    .     c - +0 helmet
rElec  .         rRot     .     (no cloak)
SustAb . .       Spirit   .     j - +0 pair of gloves
rMut   .         Warding  .     e - +0 pair of boots
Saprov . . .     Stasis   .     (no amulet)
MR     .....                    (no ring)
                                g - ring of fire

@: not resistant to hostile enchantments, stealthy
A: bottle blood, fangs 3, see invisible, unbreathing
a: Bat Form, Bottle Blood


You were on level 4 of the Dungeon.
You were not thirsty.

You visited 1 branch of the dungeon, and saw 4 of its levels.

You collected 102 gold pieces.

Inventory:

Hand weapons
 a - a +0,+1 cutlass (weapon)
Missiles
 d - 3 throwing nets (quivered)
Armour
 b - a +0 leather armour (worn)
 c - a +0 helmet (worn)
 e - a +0 pair of boots (worn)
 j - a +0 pair of gloves (worn)
Scrolls
 f - 6 scrolls of identify {unknown}
 h - a scroll of blinking {unknown}
 i - a scroll of enchant weapon II
 k - a scroll of enchant weapon I {unknown}
 l - 2 scrolls of fear
 m - 3 scrolls of remove curse {unknown}
 n - 5 scrolls of teleportation {unknown}
 o - 2 scrolls of amnesia {unknown}
 p - a scroll of recharging {unknown}
 q - a scroll of noise {unknown}
 s - 2 scrolls of enchant armour {unknown}
Jewellery
 g - a ring of fire (left hand)
 r - a +6 ring of strength {unknown}


   Skills:
 - Level 3.1 Fighting
 * Level 6.3 Short Blades
 - Level 1.5 Throwing
 + Level 3.8 Dodging
 + Level 3.0 Stealth


You had 5 spell levels left.
You didn't know any spells.

Dungeon Overview and Level Annotations

Branches:
Dungeon (4/15)
 Temple: D:4-7

Altars:
Zin

Annotations:
D:4 Eustachio, Menkaure


Innate Abilities, Weirdness & Mutations

You can bottle blood from corpses.
You have razor-sharp teeth.*
You have supernaturally acute eyesight.
You can survive without breathing.*


Message History

The ufetubus hits you but does no damage.
The ufetubus closely misses you. The orc barely misses you.
Read which item? (? for menu, Esc to quit)
As you read the scroll labeled BYERHU TOUSE, it crumbles to dust.
You assume a fearsome visage.
Menkaure is unaffected.
Eustachio looks frightened!
The orc looks frightened!
The orc looks frightened!
The orc looks frightened!
The ufetubus is unaffected.
The crimson imp is unaffected.
The shadow imp is unaffected.
It was a scroll of fear.
Menkaure murmurs, "Let me perform the rites..."
Menkaure closely misses you. The ufetubus barely misses you.
The ufetubus closely misses you.
Eustachio gestures wildly while chanting.
Eustachio blinks!
The ufetubus hits you but does no damage.
The ufetubus hits you.
* * * LOW HITPOINT WARNING * * *
Menkaure casts a spell at you. Pain shoots through your body!
You die...

..#.# #.# #... #.#.# #.# #..#
....##### #.# #..# ..........
###.#######..#### #.#######
#.........M...... #.....<#
#.#.#######..#### ########
#5#.#######..####
#################M#..........M...
..............5ยง@5o..............
#################.###############
# #@# . #........?. # #.oooo...[
#......... #......... . #........
.# ##+#####


You could see Eustachio (fleeing), Menkaure, a crimson imp, a shadow imp, 4 orcs
and an ufetubus.

Vanquished Creatures
  The ghost of soonmide the Cudgeler, an average OgMo (D:3)
  Sigmund (D:2)
  A hound (D:4)
  Ijyb (D:3)
  Jessica (D:2)
  3 adders
  A worm (D:3)
  An orc skeleton (D:4)
  3 giant geckos
  An ooze (D:1)
  2 giant cockroaches
  9 hobgoblins
  6 jackals (D:2)
  3 kobolds
  4 quokkas
  A ball python (D:2)
  9 bats
  A giant newt (D:1)
  5 goblins
  4 rats
58 creatures vanquished.

Notes
Turn   | Place    | Note
--------------------------------------------------------------
     0 | D:1      | PolkaDot, the Vampire Gladiator, began the quest for the Orb.
     0 | D:1      | Reached XP level 1. HP: 16/16 MP: 1/1
   319 | D:1      | Reached XP level 2. HP: 20/22 MP: 2/2
   558 | D:2      | Reached skill level 4 in Short Blades
   558 | D:2      | Reached XP level 3. HP: 28/28 MP: 3/3
   571 | D:2      | Noticed Jessica
   584 | D:2      | Killed Jessica
  1022 | D:2      | Found a glowing silver altar of Zin.
  1031 | D:2      | Reached XP level 4. HP: 26/34 MP: 4/4
  1162 | D:2      | Noticed Sigmund
  1205 | D:2      | Killed Sigmund
  1205 | D:2      | Reached skill level 5 in Short Blades
  1205 | D:2      | Reached XP level 5. HP: 21/41 MP: 5/5
  1582 | D:3      | Reached skill level 1 in Stealth
  1778 | D:3      | Noticed Ijyb
  1800 | D:3      | Killed Ijyb
  1832 | D:3      | Noticed soonmide's ghost (average OgMo)
  2278 | D:3      | Killed soonmide's ghost
  2278 | D:3      | Reached skill level 6 in Short Blades
  2278 | D:3      | Reached XP level 6. HP: 21/47 MP: 6/6
  2473 | D:4      | Noticed Menkaure
  2515 | D:4      | Noticed Eustachio
  2534 | D:4      | Killed from afar by Menkaure

Action                   |  1- 3 |  4- 6 || total
-------------------------+-------+-------++-------
Melee: Cutlass           |   127 |   156 ||   283
  Use: Potion            |     1 |     6 ||     7
       Scroll            |       |     2 ||     2
 Stab: Sleeping          |     1 |     3 ||     4
